 Dungeon Crawl Stone Soup version 0.30.1-6-gbe392663c4 (webtiles) character file.

Game seed: 3939035581064571716

15218 Kurtz the Cleaver (level 12, -1/80 HPs)
             Began as a Tengu Fighter on Sept 20, 2023.
             Was a High Priest of Okawaru.
             Slain by a centaur warrior (12 damage)
             ... on level 11 of the Dungeon.
             The game lasted 00:19:33 (14362 turns).

Kurtz the Cleaver (Tengu Fighter)                  Turns: 14362, Time: 00:19:33

Health: -1/80      AC:  8    Str: 20    XL:     12   Next: 24%
Magic:  16/17      EV: 21    Int: 19    God:    Okawaru [*****.]
Gold:   596        SH:  7    Dex: 18    Spells: 11/11 levels left

rFire   . . .        J - +6 broad axe "Wicun" {pain, Int+4 Dex+3}
rCold   . . .        c - +0 buckler
rNeg    + . .        f - +2 ring mail of Experimentation {rElec rPois}
rPois   +            (helmet restricted)
rElec   +            (no cloak)
rCorr   .            (no gloves)
SInv    .            (boots unavailable)
Will    .....        y - amulet of faith
Stlth   ++           t - ring of positive energy
HPRegen 0.33/turn    b - +6 ring of intelligence
MPRegen 0.15/turn

%: faith
@: heroic, flying quickly and evasively, invisible, quick
A: beak, talons 3, nimble flight
a: Renounce Religion, Heroism, Finesse, Duel


You were on level 11 of the Dungeon.
You worshipped Okawaru.
Okawaru was extremely pleased with you.
You visited 2 branches of the dungeon, and saw 12 of its levels.
You also visited: Bailey.

You collected 635 gold pieces.
You spent 39 gold pieces at shops.

Inventory:

Hand Weapons
 a - a +0 war axe
 m - a +2 hand axe of electrocution
 J - the +6 broad axe "Wicun" (weapon) {pain, Int+4 Dex+3}
   (Okawaru gifted it to you on level 9 of the Dungeon)

   Int:       It affects your intelligence (+4).
   Dex:       It affects your dexterity (+3).
 N - a +1 flail of protection
Missiles
 v - 2 throwing nets
 x - 35 poisoned darts (quivered)
 K - a curare-tipped dart
 M - 5 atropa-tipped darts
Armour
 c - a +0 buckler (worn)
 f - the +2 ring mail of Experimentation (worn) {rElec rPois}
   (Okawaru gifted it to you on level 10 of the Dungeon)

   rElec:     It insulates you from electricity.
   rPois:     It protects you from poison.
 I - the +3 chain mail of Sibb {Str+4}
   (You took it off a gnoll bouda in a bailey)

   Str:       It affects your strength (+4).
Jewellery
 b - a +6 ring of intelligence (right hand)
 t - a ring of positive energy (left hand)
 u - an amulet of reflection
 y - an amulet of faith (around neck)
Wands
 z - a wand of flame (54)
 B - a wand of roots (8)
 C - a wand of acid (2)
Scrolls
 e - 3 scrolls of vulnerability
 g - a scroll of acquirement {unknown}
 l - a scroll of immolation
 n - 4 scrolls of teleportation
 o - 2 scrolls of noise {unknown}
 p - 2 scrolls of amnesia {unknown}
 q - a scroll of blinking {unknown}
 w - 4 scrolls of poison
 F - 2 scrolls of enchant armour
 G - 2 scrolls of fear {unknown}
 L - a scroll of fog {unknown}
Potions
 d - a potion of might
 h - 6 potions of curing
 i - 2 potions of brilliance
 j - 3 potions of invisibility
 k - 5 potions of heal wounds
 r - a potion of lignification {unknown}
 s - a potion of mutation
 A - a potion of haste
 H - 3 potions of attraction {unknown}
Miscellaneous
 E - a phantom mirror


   Skills:
 * Level 11.4(16.4) Fighting
 - Level 14.0(19.0) Axes
 - Level 3.2(8.2) Armour
 * Level 7.0(12.0) Dodging
 * Level 5.0(10.0) Shields
 * Level 6.0 Invocations


You had 11 spell levels left.
You didn't know any spells.
Your spell library contained the following spells:

 Spells                   Type           Power      Damage    Failure   Level
 Freeze                   Ice            0%         1d3       36%         1
 Shock                    Conj/Air       0%         1d3       36%         1
 Blink                    Tloc           0%         N/A       50%         2
 Sublimation of Blood     Necr           0%         N/A       50%         2
 Frozen Ramparts          Ice            0%         1d1       73%         3
 Gell's Gravitas          Tloc           0%         N/A       73%         3
 Hailstorm                Conj/Ice       0%         3d3       73%         3
 Portal Projectile        Hex/Tloc       0%         N/A       73%         3
 Swiftness                Air            0%         N/A       73%         3
 Vhi's Electric Charge    Tloc/Air       0%         N/A       73%         3
 Volatile Blastmotes      Fire/Tloc      0%         2d10      73%         3
 Airstrike                Air            0%         2d(0-16)  98%         4
 Ice Form                 Ice/Tmut       0%         N/A       98%         4
 Leda's Liquefaction      Hex/Erth       0%         N/A       98%         4
 Petrify                  Tmut/Erth      0%         N/A       98%         4
 Irradiate                Conj/Tmut      0%         3d11      100%        5
 Call Canine Familiar     Summ           Unusable   N/A       N/A         3
 Summon Ice Beast         Ice/Summ       Unusable   N/A       N/A         4

Dungeon Overview and Level Annotations

Branches:
Dungeon (11/15)            Temple (1/1) D:4            Lair (0/5) D:9
 Bailey (visited)
    Orc: D:9-12

Altars:
Ashenzari
Cheibriados
Dithmenos
Elyvilon
Fedhas
Gozag
Hepliaklqana
Kikubaaqudgha
Makhleb
Nemelex Xobeh
Okawaru
Qazlal
Ru
Sif Muna
Trog
Uskayaw
Vehumet
Wu Jian
Xom
Yredelemnul
Zin
The Shining One

Shops:
D:4 !   D:8 ?

Annotations:
D:7 2 transporters, exclusion: ice statue, bairyn's ghost, novice TrFi


Innate Abilities, Weirdness & Mutations

You have a beak for a mouth.
You have claws for feet.
Your magical nature lets you fly swiftly and evasively.


Message History

The manticore bites you!! The manticore claws you. The manticore claws you!
A centaur warrior comes into view.
The manticore bites you!
The manticore claws you but does no damage. x2
The centaur warrior hits you.
The centaur warrior kicks you but does no damage.
The centaur warrior completely misses you.
The centaur warrior kicks you.
The manticore bites you but does no damage.
The manticore claws you!
* * * LOW HITPOINT WARNING * * *
The manticore claws you.
* * * LOW HITPOINT WARNING * * *
The centaur warrior hits you but does no damage.
The centaur warrior kicks you but does no damage.
The manticore bites you. The manticore claws you.
* * * LOW HITPOINT WARNING * * *
The manticore claws you but does no damage.
The centaur warrior hits you but does no damage.
The centaur warrior kicks you but does no damage.
The centaur warrior hits you but does no damage.
The centaur warrior kicks you but does no damage.
The manticore bites you. The manticore claws you.
* * * LOW HITPOINT WARNING * * *
The manticore claws you. The centaur warrior hits you!
* * * LOW HITPOINT WARNING * * *
The centaur warrior kicks you.
* * * LOW HITPOINT WARNING * * *
The manticore bites you.
* * * LOW HITPOINT WARNING * * *
The manticore claws you but does no damage.
The manticore claws you!
* * * LOW HITPOINT WARNING * * *
You turn to flesh and can move again.
Unknown command.
You fade into invisibility!
The centaur warrior completely misses you. x2
The centaur warrior hits you!
You die...

#......... #.........
###+###.........
##..#..##..#.....
##..#.#..##..##### ##+#
##..#...#..##......
[Q}##..#..#..#..#......
#.|#c#..#.#..#.#......
#H'#@.#...#..#'......
#H#..#.#..#.#.#####
#..#..#..#..#.#...#
##..#...#..##.#....
##..#.#..##..'....
##..#..##...#....
###+###....#....
#...##.... #...##....


You could see a centaur warrior (unable to see you) and a manticore (unable to
see you).

Vanquished Creatures
  Josephine (D:10)
  A hydra (D:11)
  Erica (D:10)
  6 two-headed ogres
  A manticore (D:11)
  An elephant (D:9)
  3 kobold demonologists (D:10)
  A komodo dragon (D:11)
  An unseen horror (D:10)
  2 trolls
  A hornet (D:9)
  4 wraiths (D:10)
  A yak (D:9)
  2 basilisks
  A steam dragon (D:6)
  Menkaure (D:7)
  An acid dragon (D:9)
  9 orc warriors
  5 black bears
  A sky beast (D:6)
  3 ice beasts
  An ogre (D:10)
  4 wolves (Bailey)
  4 centaurs
  2 phantoms (D:5)
  2 kobold brigands
  7 bullfrogs
  8 gnoll sergeants (Bailey)
  4 scorpions
  3 wights (D:10)
  2 howler monkeys (D:5)
  6 hounds
  7 orc priests
  8 gnoll boudas
  A sleepcap (D:7)
  Ijyb (D:4)
  7 iguanas
  16 orc wizards
  Robin (D:4)
  30 gnolls
  11 adders
  A shadow imp (D:5)
  3 white imps
  2 ufetubi
  3 dart slugs
  64 orcs
  11 endoplasms
  A giant cockroach (D:4)
  15 goblins
  11 hobgoblins
  10 jackals (D:2)
  16 kobolds
  A quokka (D:2)
  7 ball pythons
  5 bats
  3 frilled lizards
  4 rats
329 creatures vanquished.

Notes
Turn   | Place    | Note
-------+----------+-------------------------------------------
     0 | D:1      | Kurtz the Tengu Fighter began the quest for the Orb.
     0 | D:1      | Reached XP level 1. HP: 14/14 MP: 2/2
    92 | D:1      | Reached skill level 3 in Axes
    92 | D:1      | Reached XP level 2. HP: 19/19 MP: 3/3
   470 | D:2      | Reached XP level 3. HP: 20/23 MP: 4/4
   570 | D:2      | Reached skill level 4 in Axes
   726 | D:2      | Reached XP level 4. HP: 28/28 MP: 5/5
  1042 | D:3      | Reached skill level 5 in Axes
  1183 | D:3      | Found a faded altar of an unknown god.
  1573 | D:3      | Gained mutation: Your magical nature lets you fly swiftly
                  | and evasively. [Tengu growth]
  1573 | D:3      | Reached XP level 5. HP: 12/32 MP: 6/6
  1758 | D:3      | Reached skill level 6 in Axes
  1918 | D:3      | Identified the +6 hand axe "Join" {heavy, Fragile rElec
                  | rPois rC+++}
  2440 | D:4      | Reached XP level 6. HP: 31/37 MP: 7/7
  2577 | D:4      | Found Ricubb's Distillery.
  2639 | D:4      | Reached skill level 7 in Axes
  2698 | D:4      | Noticed Robin
  2735 | D:4      | Killed Robin
  2737 | D:4      | HP: 2/55 [hobgoblin[Robin] (3)]
  2971 | D:4      | Found a staircase to the Ecumenical Temple.
  2984 | D:4      | Reached skill level 8 in Axes
  2991 | D:4      | Reached XP level 7. HP: 14/41 MP: 8/8
  2992 | Temple   | Entered the Ecumenical Temple
  3205 | Temple   | Became a worshipper of Warmaster Okawaru
  3445 | D:4      | Noticed Ijyb
  3450 | D:4      | Paralysed by Ijyb for 2 turns
  3458 | D:4      | Killed Ijyb
  3571 | D:4      | Found a burning altar of Makhleb.
  3868 | D:5      | Entered Level 5 of the Dungeon
  3899 | D:4      | HP: 2/41 [poisoned by an adder]
  4128 | D:5      | Reached skill level 1 in Dodging
  4136 | D:5      | Reached skill level 9 in Axes
  4136 | D:5      | Reached skill level 1 in Invocations
  4269 | D:5      | Reached * piety under Okawaru
  4270 | D:5      | Reached XP level 8. HP: 38/46 MP: 9/9
  4572 | D:5      | Found a shimmering altar of Xom.
  4679 | D:4      | Reached skill level 10 in Axes
  4759 | D:5      | Found a white marble altar of Elyvilon.
  4840 | D:5      | Noticed a troll
  5112 | D:4      | Killed a troll
  5113 | D:4      | Reached skill level 11 in Axes
  5255 | D:5      | Reached ** piety under Okawaru
  5256 | D:5      | Reached XP level 9. HP: 33/50 MP: 11/11
  5724 | D:6      | Reached skill level 12 in Axes
  6738 | D:7      | Noticed Menkaure
  6749 | D:7      | Killed Menkaure
  6902 | D:7      | Noticed an ice statue
  6910 | D:7      | Reached *** piety under Okawaru
  6951 | D:7      | Noticed bairyn's ghost (novice TrFi)
  6952 | D:7      | Noticed a cyclops
  6992 | D:7      | Found a transporter.
  6995 | D:7      | Found a transporter.
  7315 | D:7      | Reached skill level 13 in Axes
  8167 | D:8      | Found Laagikhli's Magic Scroll Boutique.
  8175 | D:8      | Bought a scroll of teleportation for 39 gold pieces
  8374 | D:8      | Reached XP level 10. HP: 54/56 MP: 13/13
  8568 | D:8      | Found a stormy altar of Qazlal.
  8573 | D:8      | Found a sparkling altar of Nemelex Xobeh.
  8702 | D:9      | Reached **** piety under Okawaru
  8703 | D:9      | Reached skill level 14 in Axes
  8759 | D:9      | Noticed a two-headed ogre
  8759 | D:9      | Found a flagged portal.
  8768 | D:9      | Killed a two-headed ogre
  8786 | Bailey   | Entered a bailey
  9323 | Bailey   | Reached skill level 5 in Fighting
  9901 | Bailey   | Reached skill level 5 in Dodging
 10667 | Bailey   | Identified the +3 chain mail of Sibb {Str+4}
 10790 | Bailey   | Got Semah's Catalogue of the Wayfarer and Fumes
 11042 | D:9      | Found a staircase to the Lair.
 11042 | D:9      | Noticed an elephant
 11421 | D:9      | Reached ***** piety under Okawaru
 11445 | D:9      | Killed an elephant
 11446 | D:9      | Reached XP level 11. HP: 41/67 MP: 15/15
 11584 | D:9      | Identified the +6 broad axe "Wicun" {pain, Int+4 Dex+3}
                  | (Okawaru gifted it to you on level 9 of the Dungeon)
 11584 | D:9      | Received a gift from Okawaru
 11765 | D:9      | Noticed a two-headed ogre
 11767 | D:9      | Killed a two-headed ogre
 11768 | D:9      | Reached skill level 5 in Invocations
 12011 | D:10     | Entered Level 10 of the Dungeon
 12091 | D:10     | Noticed a two-headed ogre
 12098 | D:10     | Killed a two-headed ogre
 12204 | D:10     | Noticed a two-headed ogre
 12233 | D:9      | Killed a two-headed ogre
 12407 | D:10     | Identified the +2 ring mail of Experimentation {rElec
                  | rPois} (Okawaru gifted it to you on level 10 of the
                  | Dungeon)
 12407 | D:10     | Received a gift from Okawaru
 12487 | D:10     | Noticed Erica
 12497 | D:10     | Killed Erica
 12624 | D:10     | Noticed Josephine
 12656 | D:10     | Killed Josephine
 12657 | D:10     | Reached skill level 10 in Fighting
 12803 | D:10     | Found a basalt altar of Yredelemnul.
 12808 | D:10     | Noticed a two-headed ogre
 12815 | D:10     | Killed a two-headed ogre
 12998 | D:10     | Reached XP level 12. HP: 32/79 MP: 17/17
 13831 | D:11     | Noticed a four-headed hydra
 13831 | D:11     | Noticed a two-headed ogre
 13886 | D:10     | Killed a two-headed ogre
 14168 | D:11     | Killed an eight-headed hydra
 14169 | D:11     | Reached skill level 5 in Shields
 14347 | D:11     | Noticed a tengu warrior
 14357 | D:11     | Noticed a centaur warrior
 14362 | D:11     | Slain by a centaur warrior

Illustrated notes

Levels and vault maps discovered:
D:1:      dpeg_arrival_arbitrary_c, layout_rooms, minmay_vboxes
D:2:      layout_basic
D:3:      layout_loops_corners, shapermc_ecumenical_altar_hornbeckon
D:4:      layout_gridville, mainiacjoe_overflow_surrounded_room,
          minmay_temple_entry_trees, serial_shops, nicolae_shop_waterfront,
          minmay_surrounded, uniq_robin, uniq_ijyb
D:5:      minmay_clustersquares, layout_cave_pools, amcnicky_altar_gilded,
          mainiacjoe_overflow_paths, serial_park, serial_park_square3
          [serial_park_minivault_5x5_6], serial_park_tiny_pond,
          serial_park_square2, serial_park_tiny_pond, serial_park_tiny_1,
          serial_park_tiny_1
D:6:      layout_loops_corners
D:7:      layout_gridville, nzn_ghost_randoct, uniq_menkaure
D:8:      layout_basic, mainiacjoe_overflow_big_doors, serial_shops, shop
D:9:      layout_roguey, david_lair_generic, enter_bailey_6,
          kennysheep_generic_room_3
D:10:     layout_cave_pods, mainiacjoe_overflow_brackets, special_room
          [special_room_orc], serial_park_tiny_2, item_on_display_a,
          uniq_josephine, uniq_erica
D:11:     minmay_the_grid_octo_tiled_squarecenter
          [minmay_the_grid_octo_thin_diamonds, minmay_the_grid_octo_77,
          minmay_the_grid_octo_fan_narrow, minmay_the_grid_octo_fat_diamond,
          minmay_the_grid_square_5x5_megaprize_diamond,
          minmay_the_grid_square_5x5_eight_small,
          minmay_the_grid_square_5x5_intrusive_squares,
          minmay_the_grid_square_5x5_three,
          minmay_the_grid_square_5x5_beaten_path], layout_gridville,
          minmay_orc_entry_temple_small
Temple:   regret_index_temple_sphere_string

Skill      XL: |  1  2  3  4  5  6  7  8  9 10 11 12 |
---------------+-------------------------------------+-----
Axes           | 3 4 5 6 8 9 11 13 14 | 14.0
Dodging        | 1 2 3 5 6 7 |  7.0
Invocations    | 1 2 3 4 5 6 |  6.0
Fighting       | 7 10 11 | 11.4
Shields        | 4 5 |  5.0
Armour         | |  3.2

Action                     |  1- 3 |  4- 6 |  7- 9 | 10-12 || total
---------------------------+-------+-------+-------+-------++-------
  Melee: War axe           |    74 |   128 |   205 |       ||   407
         Peck              |    10 |    12 |    48 |    68 ||   138
         Kick              |    14 |    28 |    88 |    86 ||   216
         Hand axe          |       |       |    69 |   152 ||   221
         Broad axe         |       |       |       |   170 ||   170
  Throw: Dart              |       |       |       |    18 ||    18
 Invoke: Heroism           |       |       |       |     4 ||     4
  Evoke: Wand              |       |       |     5 |    35 ||    40
    Use: Potion            |       |     1 |     1 |     2 ||     4
         Scroll            |       |       |     6 |     4 ||    10
   Stab: Paralysed         |       |       |     8 |       ||     8
 Armour: Scale mail        |    43 |    49 |    33 |       ||   125
         Chain mail        |       |       |    30 |    36 ||    66
         Plate armour      |       |       |    25 |    53 ||    78
         Ring mail         |       |       |       |    31 ||    31
  Dodge: Dodged            |    41 |    70 |   104 |   174 ||   389
  Block: Buckler           |    11 |    24 |   114 |    84 ||   233
         Reflection        |       |       |     2 |       ||     2
